 Dungeon Crawl Stone Soup version 0.19-a0-1692-g68728bb (webtiles) character file.

45879 asdguy00 the Thaumaturge (level 14, -7/102 HPs)
             Began as a Black Draconian Fire Elementalist on Sept 26, 2016.
             Was a High Priest of Vehumet.
             Mangled by a spriggan rider
             ... wielding a +0 spear
              (23 damage)
             ... on level 6 of the Lair of Beasts.
             The game lasted 02:26:43 (23095 turns).

asdguy00 the Thaumaturge (DrFE)                    Turns: 23095, Time: 02:26:43

Health: -7/102     AC: 17    Str: 13    XL:     14   Next: 2%
Magic:  5/30       EV: 14    Int: 22    God:    Vehumet [*****.]
Gold:   854        SH:  0    Dex: 14    Spells: 10 memorised, 5 levels left

rFire  + . .     SeeInvis .     E - +2 flail (drain)
rCold  x . .     Gourm    .     (armour unavailable)
rNeg   + . .     Faith    .     (no shield)
rPois  .         Spirit   .     T - +2 hat
rElec  +         Dismiss  .     z - +2 cloak
rCorr  .         Reflect  .     N - +2 pair of gloves
MR     +....     Harm     .     (no boots)
Stlth  ++........               c - amulet "Juppo" {RegenMP +Fly Str+3 Int+3}
                                F - ring of positive energy
                                w - ring of fire

@: short of breath
A: breathe lightning, unfitting armour, big wings, electricity resistance,
cold-blooded, AC +8
a: Breathe Lightning, Fly, Renounce Religion, Evoke Flight


You were on level 6 of the Lair of Beasts.
You worshipped Vehumet.
Vehumet was extremely pleased with you.
You were not hungry.

You visited 3 branches of the dungeon, and saw 18 of its levels.
You also visited: Labyrinth.

You collected 975 gold pieces.
You spent 121 gold pieces at shops.

Inventory:

Hand Weapons
 o - a +3 dagger of draining
 t - a +5 longbow
 E - a +2 flail of draining (weapon)
 U - a +0 vampiric trident
 X - a +2 flail of venom
Armour
 z - a +2 cloak (worn)
 N - a +2 pair of gloves (worn)
 P - a +2 buckler of protection
 R - a +2 robe of cold resistance
 T - a +2 hat (worn)
 W - a +1 scale mail of fire resistance
Magical Staves
 L - an uncursed staff of earth
Jewellery
 c - the amulet "Juppo" (around neck) {RegenMP +Fly Str+3 Int+3}
   (You found it on level 10 of the Dungeon)

   [amulet of magic regeneration]

   It increases your magic regeneration.
   It affects your strength (+3).
   It affects your intelligence (+3).
   It lets you fly.
 e - the ring of Shadows {Umbra +Inv Stlth+}
   (You found it in a labyrinth)

   [ring of stealth]

   It lets you turn invisible.
   It makes you more stealthy.
 g - an uncursed amulet of dismissal
 h - the ring of Xuwemnic {+Fly rC+ MP+9 Stlth+, unknown}
   (You found it in a labyrinth)

   [ring of stealth]

   It protects you from cold.
   It affects your magic capacity (+9).
   It lets you fly.
   It makes you more stealthy.
 i - an uncursed ring of protection from magic
 j - an uncursed ring of protection from magic
 s - an uncursed ring of resist corrosion
 w - a ring of fire (left hand)
 y - an uncursed ring of stealth
 F - a ring of positive energy (right hand)
Wands
 b - a wand of flame (35/48)
 f - a wand of polymorph (13/24)
 k - a wand of digging (5/24)
 v - a wand of iceblast (6/15)
 G - a wand of acid (0/15)
 I - a wand of polymorph (1/24)
 M - a wand of lightning (7/15)
Scrolls
 m - 3 scrolls of recharging
 q - 2 scrolls of enchant weapon
 r - 2 scrolls of identify
 u - 3 scrolls of enchant armour
 x - 3 scrolls of magic mapping
 A - 4 scrolls of amnesia
 B - 3 scrolls of fog
 Y - 2 scrolls of remove curse
Potions
 d - 4 potions of agility
 n - 3 potions of flight
 p - 5 potions of might
 S - a potion of brilliance
Books
 a - a book of Flames

   Spells                             Type                      Level
   a - Flame Tongue                   Conjuration/Fire             1
   b - Throw Flame                    Conjuration/Fire             2
   c - Conjure Flame                  Conjuration/Fire             3
   d - Inner Flame                    Hexes/Fire                   3
   e - Sticky Flame                   Conjuration/Fire             4
   f - Fireball                       Conjuration/Fire             5
 H - a book of the Warp

   Spells                             Type                      Level
   a - Gell's Gravitas                Hexes/Translocation          3
   b - Force Lance                    Conjuration/Translocation    4
   c - Summon Forest                  Summoning/Translocation      5
   d - Dispersal                      Translocation                6
   e - Controlled Blink               Translocation                8
   f - Disjunction                    Translocation                8
 K - a book of the Earth

   Spells                             Type                      Level
   a - Leda's Liquefaction            Hexes/Earth                  4
   b - Bolt of Magma                  Conjuration/Fire/Earth       5
   c - Statue Form                    Transmutation/Earth          6
   d - Iron Shot                      Conjuration/Earth            6
   e - Shatter                        Earth                        9
 Q - a book of Ice

   Spells                             Type                      Level
   a - Ice Form                       Ice/Transmutation            4
   b - Metabolic Englaciation         Hexes/Ice                    5
   c - Ozocubu's Refrigeration        Ice                          6
   d - Bolt of Cold                   Conjuration/Ice              6
   e - Freezing Cloud                 Conjuration/Ice/Air          6
   f - Simulacrum                     Ice/Necromancy               6
Miscellaneous
 V - a sack of spiders
Comestibles
 D - 10 royal jellies
 J - 4 meat rations
 O - 3 beef jerkies
 Z - 12 fruits


   Skills:
 + Level 3.1 Fighting
 + Level 2.6 Short Blades
 + Level 2.3 Maces & Flails
 + Level 4.8 Dodging
 - Level 1.7 Stealth
 * Level 12.6 Spellcasting
 * Level 11.6 Conjurations
 + Level 1.0 Hexes
 * Level 11.9 Fire Magic
 * Level 9.3 Air Magic
 * Level 4.2 Earth Magic
 + Level 3.5 Poison Magic


You had 5 spell levels left.
You knew the following spells:

 Your Spells              Type           Power        Failure   Level  Hunger
a - Flame Tongue          Conj/Fire      #####        1%          1    None
b - Throw Flame           Conj/Fire      ######       1%          2    None
c - Conjure Flame         Conj/Fire      #######.     1%          3    None
d - Inner Flame           Hex/Fire       ######..     1%          3    None
e - Sticky Flame          Conj/Fire      #######.     1%          4    None
f - Shock                 Conj/Air       ####         1%          1    None
g - Fireball              Conj/Fire      #######...   1%          5    ####...
h - Static Discharge      Conj/Air       ######..     1%          3    None
i - Bolt of Magma         Conj/Fire/Erth ######....   1%          5    ####...
j - Poisonous Cloud       Conj/Pois/Air  #####.....   8%          6    #####..


Dungeon Overview and Level Annotations

Branches:
Dungeon (11/15)            Temple (1/1) D:4            Lair (6/6) D:11
  Swamp (0/4) Lair:4        Snake (0/4) Lair:3        Slime (0/5) Lair:6
    Orc (0/2) D:10

Altars:
Ashenzari
Cheibriados
Dithmenos
Elyvilon
Fedhas
Gozag
Hepliaklqana
Kikubaaqudgha
Makhleb
Nemelex Xobeh
Okawaru
Qazlal
Ru
Sif Muna
Trog
Uskayaw
Vehumet
Xom
Yredelemnul
Zin
The Shining One
Jiyva

Shops:
D:9 [


Innate Abilities, Weirdness & Mutations

You can breathe wild blasts of lightning.
Your glossy black scales are hard. (AC +8)
You cannot fit into any form of body armour.
Your large and strong wings let you fly indefinitely.
You are resistant to electric shocks. (rElec)
You are cold-blooded and may be slowed by cold attacks.


Message History

You feel a surge of power!
The sticky flame hits the crocodile.
You kill the crocodile!
Vehumet accepts your kill.
As you read the scroll of fog, it crumbles to dust.
The scroll dissolves into smoke.
The spriggan rider closely misses you.
The spriggan rider hits you from afar with a spear.
* * * LOW HITPOINT WARNING * * *
Evoke which item? (* to show all) (? for menu, Esc to quit)
Zapping:
v - a wand of iceblast (7/15)
Press: ? - help, Shift-Dir - straight line, f - spriggan rider
Aim: a spriggan rider, wielding a spear The mass of ice explodes!
The iceblast engulfs the spriggan rider.
The spriggan rider is moderately wounded.
This wand has 6 charges left.
The spriggan rider hits you from afar with a spear.
* * * LOW HITPOINT WARNING * * *
The spriggan rider hits you from afar with a spear!!
You die...

*#.....§§§§.§.##
###.....§§§§..##
#.#.....§§§§..#
#........§§§..#
#........§...## *
##............#* ***
#.#.i..........# *,,
##.............#****,
*#..@.........#.*,*,,
#.....P.....#..#,,,,,
**#.#...##....#...,,,,,
*..*#..##P...##*..,,,,,
##,,....*,...#*,,,,,,,,
**.....,,.....,,,,,,,,
*#.....,,,,...,,,,,,,,
*.......,,,,,,,,,,,,,,
*,,,,,,,,,,,,,,,,,,,,,


You could see a spriggan rider.

Vanquished Creatures
  Rupert (Lair:3)
  A minotaur (Lab)
  Fannar (Lair:1)
  2 hydras
  Erica (D:8)
  8 death yaks
  Sonja (Lair:1)
  The ghost of jedvagenij the Cleaver, a novice DDFi of Makhleb (D:9)
  Nergalle (Lair:2)
  A hill giant (D:11)
  An ugly thing (D:11)
  15 elephants
  3 black mambas
  Joseph (D:8)
  12 spiny frogs
  A rime drake (Lair:6)
  6 komodo dragons
  A polar bear (Lair:3)
  3 trolls
  A two-headed ogre (D:8)
  8 hippogriffs
  3 blink frogs (Lair:5)
  A dream sheep (Lair:6)
  4 wyverns
  2 spriggans (Lair:6)
  25 yaks
  5 basilisks
  Grum (D:9)
  2 hungry ghosts
  A warg (Lair:1)
  A steam dragon (D:8)
  5 nagas (Lair:3)
  A soldier ant (D:11)
  Edmund (D:4)
  Duvessa (D:4)
  10 water moccasins
  4 porcupines
  11 orc warriors
  7 ice beasts
  4 sky beasts
  4 black bears
  2 necrophages
  6 phantoms
  16 wolves
  5 centaurs
  3 ogres
  12 crocodiles
  11 bullfrogs
  An earth elemental (Lab)
  Dowan (D:4)
  A water moccasin zombie (D:11)
  A wyvern skeleton (D:11)
  A scorpion (D:4)
  11 killer bees
  3 wights (D:8)
  3 electric eels (D:11)
  2 howler monkeys
  2 crimson imps
  A bullfrog zombie (D:5)
  11 hounds
  A quasit (D:6)
  6 jellies
  12 orc wizards
  A centaur skeleton (D:6)
  10 orc priests
  Terence (D:3)
  7 iguanas
  Natasha (thrice) (D:2)
  6 hell rats (Lair:6)
  5 worker ants
  A hound skeleton (D:4)
  A hound zombie (D:9)
  A worker ant zombie (D:8)
  Robin (D:2)
  12 gnolls
  2 howler monkey skeletons (D:5)
  19 adders
  29 river rats
  A shadow imp (D:9)
  7 oozes
  2 adder zombies
  An adder skeleton (D:6)
  2 worms (D:2)
  5 dart slugs
  9 leopard geckos
  43 orcs
  5 giant cockroaches
  12 goblins
  12 hobgoblins
  20 jackals
  11 kobolds
  3 quokkas
  6 ball pythons
  3 bats
  6 frilled lizards
  A leopard gecko skeleton (D:5)
  A quokka zombie (D:9)
  11 rats
  4 bushes
  2 fungi
541 creatures vanquished.

Vanquished Creatures (others)
  8 fungi
  4 plants
12 creatures vanquished.

Grand Total: 553 creatures vanquished

Notes
Turn   | Place    | Note
-------+----------+-------------------------------------------
     0 | D:1      | asdguy00 the Draconian Fire Elementalist began the quest for the Orb.
     0 | D:1      | Reached XP level 1. HP: 14/14 MP: 3/3
   122 | D:1      | Reached XP level 2. HP: 20/20 MP: 0/5
   128 | D:1      | Learned a level 2 spell: Throw Flame
   726 | D:1      | Reached XP level 3. HP: 26/26 MP: 1/6
   781 | D:1      | Learned a level 3 spell: Conjure Flame
  1307 | D:2      | Noticed Natasha
  1416 | D:2      | Noticed Robin
  1423 | D:2      | Killed Robin
  1513 | D:2      | Reached XP level 4. HP: 18/33 MP: 5/8
  1651 | D:2      | Reached skill level 3 in Spellcasting
  1795 | D:2      | Learned a level 3 spell: Inner Flame
  1807 | D:2      | Found a burning altar of Makhleb.
  2083 | D:2      | Gained mutation: You are robust. (+10% HP) [potion of beneficial mutation]
  2299 | D:2      | Killed Natasha
  2299 | D:2      | Reached XP level 5. HP: 42/42 MP: 4/9
  2396 | D:2      | Found a hazy altar of Hepliaklqana.
  2681 | D:2      | Noticed Natasha
  2688 | D:2      | Killed Natasha
  2761 | D:2      | Noticed Natasha
  2775 | D:2      | Killed Natasha
  2775 | D:2      | Reached skill level 1 in Short Blades
  3026 | D:3      | Noticed Terence
  3045 | D:3      | Killed Terence
  3672 | D:4      | Noticed a phantom
  3679 | D:4      | Reached XP level 6. HP: 48/50 MP: 3/11
  3808 | D:4      | Found a staircase to the Ecumenical Temple.
  3813 | D:4      | Reached skill level 4 in Spellcasting
  3820 | Temple   | Entered the Ecumenical Temple
  3991 | Temple   | Became a worshipper of Vehumet
  4238 | D:4      | Found a glowing silver altar of Zin.
  4274 | D:4      | Noticed Dowan
  4285 | D:4      | Noticed Duvessa
  4296 | D:4      | Killed Duvessa
  4296 | D:4      | Your scales start taking on a glossy black colour.
  4296 | D:4      | Reached XP level 7. HP: 56/56 MP: 2/13
  4296 | D:4      | Gained mutation: You are resistant to electric shocks. (rElec) [Black Draconian growth]
  4309 | D:4      | Killed Dowan
  4309 | D:4      | Reached skill level 5 in Fire Magic
  4311 | D:4      | Noticed Edmund
  4626 | D:4      | Killed Edmund
  4626 | D:4      | Reached skill level 1 in Fighting
  4730 | D:4      | Reached skill level 5 in Spellcasting
  4795 | D:4      | Learned a level 4 spell: Sticky Flame
  5274 | D:5      | Entered Level 5 of the Dungeon
  5438 | D:5      | Reached XP level 8. HP: 64/64 MP: 12/16
  5592 | D:5      | Reached * piety under Vehumet
  5592 | D:5      | Offered knowledge of Shock by Vehumet.
  5595 | D:5      | Learned a level 1 spell: Shock
  5862 | D:5      | Reached skill level 1 in Air Magic
  5870 | D:5      | Reached skill level 5 in Conjurations
  6019 | D:6      | Reached skill level 6 in Spellcasting
  6156 | D:6      | Learned a level 5 spell: Fireball
  6486 | D:6      | Reached XP level 9. HP: 62/70 MP: 11/18
  6626 | D:6      | Found a white marble altar of Elyvilon.
  6633 | D:6      | Reached ** piety under Vehumet
  6633 | D:6      | Offered knowledge of Throw Frost by Vehumet.
  6934 | D:6      | Reached skill level 7 in Spellcasting
  7145 | D:7      | Found a bloodstained altar of Trog.
  7887 | D:7      | Found a sparkling altar of Nemelex Xobeh.
  8660 | D:8      | Reached skill level 1 in Hexes
  8671 | D:8      | Offered knowledge of Static Discharge by Vehumet.
  8676 | D:8      | Learned a level 3 spell: Static Discharge
  8812 | D:8      | Reached skill level 8 in Spellcasting
  8812 | D:8      | Reached XP level 10. HP: 80/80 MP: 4/22
  9611 | D:8      | Noticed Joseph
 10002 | D:8      | Reached *** piety under Vehumet
 10102 | D:8      | Found a deep blue altar of Sif Muna.
 10330 | D:8      | Killed Joseph
 10330 | D:8      | Reached skill level 5 in Air Magic
 10725 | D:8      | Noticed Erica
 10728 | D:8      | Killed Erica
 11269 | D:9      | Reached skill level 9 in Spellcasting
 11295 | D:9      | Found Jonej's Antique Armour Shop.
 11300 | D:9      | Bought a pair of gloves for 121 gold pieces
 11403 | D:9      | Noticed Grum
 11419 | D:9      | Killed Grum
 11505 | D:9      | Offered knowledge of Airstrike by Vehumet.
 11512 | D:9      | Learned a level 5 spell: Bolt of Magma
 11772 | D:9      | Noticed jedvagenij's ghost (novice DDFi)
 11788 | D:9      | Killed jedvagenij's ghost
 12214 | D:10     | Entered Level 10 of the Dungeon
 12216 | D:10     | Reached XP level 11. HP: 86/86 MP: 15/24
 12511 | D:10     | Reached **** piety under Vehumet
 12807 | D:10     | Found a staircase to the Orcish Mines.
 12859 | D:10     | Got a sparkling lead amulet
 12861 | D:10     | Identified the amulet "Juppo" {RegenMP +Fly Str+3 Int+3} (You found it on level 10 of the Dungeon)
 12946 | D:10     | Offered knowledge of Lightning Bolt by Vehumet.
 13282 | D:11     | Reached skill level 10 in Spellcasting
 13431 | D:11     | Noticed a white ugly thing
 13450 | D:11     | Noticed a hill giant
 13473 | D:11     | Killed a hill giant
 13604 | D:11     | Reached skill level 1 in Earth Magic
 13967 | D:11     | Reached skill level 1 in Maces & Flails
 13974 | D:11     | Killed a white ugly thing
 13990 | D:11     | Reached ***** piety under Vehumet
 14051 | D:10     | Gained mutation: You occasionally shout uncontrollably at your foes. [mutagenic meat]
 14057 | D:10     | Gained mutation: Your natural rate of healing is unusually fast. [mutagenic meat]
 14133 | D:11     | Offered knowledge of Poisonous Cloud by Vehumet.
 14213 | D:11     | Found a staircase to the Lair.
 14758 | Lair:1   | Entered Level 1 of the Lair of Beasts
 14965 | Lair:1   | Noticed Fannar
 14973 | Lair:1   | Killed Fannar
 15048 | Lair:1   | Noticed Sonja
 15051 | Lair:1   | Killed Sonja
 15062 | Lair:1   | Reached XP level 12. HP: 70/93 MP: 10/26
 15545 | Lair:1   | Reached skill level 11 in Spellcasting
 15757 | Lair:1   | Learned a level 6 spell: Poisonous Cloud
 15778 | Lair:1   | Reached skill level 10 in Fire Magic
 15857 | Lair:1   | Reached skill level 10 in Conjurations
 16151 | Lair:2   | Reached skill level 1 in Poison Magic
 16190 | Lair:2   | Offered knowledge of Force Lance by Vehumet.
 16247 | Lair:2   | Noticed Nergalle
 16250 | Lair:2   | Killed Nergalle
 16423 | Lair:2   | Noticed a death yak
 16423 | Lair:2   | Noticed a death yak
 16423 | Lair:2   | Noticed a death yak
 16425 | Lair:2   | Noticed a death yak
 16425 | Lair:2   | Noticed a death yak
 16430 | Lair:2   | Killed a death yak
 16432 | Lair:2   | Killed a death yak
 16432 | Lair:2   | Killed a death yak
 16435 | Lair:2   | Killed a death yak
 16435 | Lair:2   | Killed a death yak
 17183 | Lair:3   | Noticed Rupert
 17188 | Lair:3   | Killed Rupert
 17266 | Lair:3   | Reached XP level 13. HP: 97/102 MP: 18/28
 18721 | Lair:3   | Found a staircase to the Snake Pit.
 19333 | Lair:4   | Found a staircase to the Swamp.
 19341 | Lair:4   | Reached skill level 12 in Spellcasting
 20147 | Lair:5   | Offered knowledge of Iskenderun's Battlesphere by Vehumet.
 20938 | Lair:6   | Entered Level 6 of the Lair of Beasts
 20954 | Lair:6   | Found a staircase to the Slime Pits.
 20954 | Lair:6   | Found a viscous altar of Jiyva.
 21065 | Lair:6   | Found a labyrinth entrance.
 21079 | Lab      | Entered a labyrinth
 22999 | Lab      | Noticed a minotaur
 23004 | Lab      | Killed a minotaur
 23054 | Lab      | Got a faintly glowing amber ring
 23066 | Lair:6   | Gained mutation: Your large and strong wings let you fly indefinitely. [Black Draconian growth]
 23066 | Lair:6   | Reached XP level 14. HP: 68/112 MP: 8/30
 23079 | Lair:6   | Lost mutation: You are robust. (+10% HP) [potion of cure mutation]
 23079 | Lair:6   | Lost mutation: You occasionally shout uncontrollably at your foes. [potion of cure mutation]
 23079 | Lair:6   | Lost mutation: Your natural rate of healing is unusually fast. [potion of cure mutation]
 23095 | Lair:6   | Mangled by a spriggan rider

Vault maps used:
D:1:      dpeg_arrival_round_c
D:2:      minmay_door_path, lemuel_round_altar, lemuel_coloured_pillars_altar,
          uniq_robin, uniq_natasha
D:3:      uniq_terence
D:4:      zin_treasury, uniq_duvessa, uniq_edmund
D:5:      first_bread, columned_hall_lemuel
D:6:      elyvilon_altar_5
D:7:      nemelex_xobeh_ov_fountains_minmay, trog_ov_bears_minmay
D:8:      led_sif_book, uniq_erica, uniq_joseph
D:9:      serial_shops, nicolae_shop_behind_doors, uniq_grum
D:10:     orc_0_dummy, hangedman_little_slice_of_home
D:11:     erik_lair_island
Temple:   dpeg_chambers_temple
Lair:1:   beast_lair_carwin_large_2, uniq_fannar, uniq_sonja
Lair:2:   uniq_nergalle
Lair:3:   minmay_snake_entry_guardpost_medium, grunt_forest_large_clearings,
          uniq_rupert
Lair:4:   swamp_mist, minivault_11, beast_lair_carwin_2
Lair:5:   kennysheep_catoblepas_arena, serial_bayou_shore_b, grunt_megastairs_3
Lair:6:   minmay_lair_end_enchanted_forest, slime_altar_1, lab_entry_generic,
          grunt_megastairs_2, serial_bayou_shore_b
Lab:      lab_hedge, labyrinth_skeletal_remains, nicolae_lab_diamond

Skill      XL: |  1  2  3  4  5  6  7  8  9 10 11 12 13 |
---------------+----------------------------------------+-----
Dodging        | 2 3 4 |  4.8
Spellcasting   | 3 4 5 6 8 9 10 11 12 | 12.6
Conjurations   | 2 3 4 5 6 8 9 10 11 | 11.6
Fire Magic     | 4 5 6 7 8 9 10 11 | 11.9
Short Blades   | 1 2 |  2.6
Fighting       | 1 2 3 |  3.1
Air Magic      | 2 4 5 7 8 9 |  9.3
Hexes          | 1 |  1.0
Earth Magic    | 2 3 4 |  4.2
Maces & Flails | 1 2 |  2.3
Poison Magic   | 3 |  3.5
Stealth        | |  1.7

Action                   |  1- 3 |  4- 6 |  7- 9 | 10-12 | 13-15 || total
-------------------------+-------+-------+-------+-------+-------++-------
Melee: Unarmed           |    19 |       |       |       |       ||    19
       Dagger            |    34 |    73 |    13 |       |       ||   120
       Tailslap          |     3 |     8 |    12 |    12 |     7 ||    42
       Short sword       |       |       |    59 |       |       ||    59
       Flail             |       |       |       |    89 |    43 ||   132
 Cast: Flame Tongue      |    65 |    88 |   134 |    93 |    25 ||   405
       Throw Flame       |     4 |    22 |    18 |     3 |     1 ||    48
       Conjure Flame     |       |     2 |     5 |     7 |     4 ||    18
       Sticky Flame      |       |       |    18 |    26 |    10 ||    54
       Shock             |       |       |    38 |    84 |    41 ||   163
       Inner Flame       |       |       |     7 |     5 |       ||    12
       Fireball          |       |       |    12 |   170 |   103 ||   285
       Static Discharge  |       |       |       |     1 |    11 ||    12
       Bolt of Magma     |       |       |       |    20 |    17 ||    37
       Poisonous Cloud   |       |       |       |       |     2 ||     2
 Abil: Breathe Lightning |       |       |     2 |     4 |     6 ||    12
Evoke: Wand              |       |       |     1 |     6 |     6 ||    13
  Use: Scroll            |       |    12 |     3 |    22 |    14 ||    51
       Potion            |       |     2 |     5 |     5 |     7 ||    19
  Eat: Chunk             |     3 |    10 |    11 |    47 |    17 ||    88
       Bread ration      |       |       |     2 |     4 |     1 ||     7
       Beef jerky        |       |       |       |     3 |     1 ||     4
       Pizza             |       |       |       |     1 |     1 ||     2
       Royal jelly       |       |       |       |       |     2 ||     2
       Meat ration       |       |       |       |       |     2 ||     2
Armor: Skin              |    27 |    32 |    85 |    95 |    69 ||   308
Dodge: Dodged            |    73 |    52 |   142 |   204 |   134 ||   605
